 Dungeon Crawl Stone Soup version 0.28.0-43-g3370ac3207 (webtiles) character file.

Game seed: 8141400270718814729

67 RascalDebosk the Conjurer (level 4, -1/25 HPs)
             Began as a Tengu Conjurer on Mar 12, 2022.
             Slain by an adder (3 damage)
             ... on level 3 of the Dungeon.
             The game lasted 00:20:17 (1830 turns).

RascalDebosk the Conjurer (Tengu Conjurer)          Turns: 1830, Time: 00:20:17

Health: -1/25      AC:  3    Str:  7    XL:     4   Next: 16%
Magic:  8/8        EV: 16    Int: 21    God:
Gold:   140        SH:  0    Dex: 12    Spells: 4/7 levels left

rFire   . . .      SeeInvis .   e - +1 spear (venom)
rCold   . . .      Faith    .   d - orb {light}
rNeg    . . .      Spirit   .   a - +0 robe
rPois   .          Reflect  .   (helmet restricted)
rElec   .          Harm     .   (no cloak)
rCorr   .          Rampage  .   h - +0 pair of gloves
Will    .....                   (boots unavailable)
Stlth   +.........              (no amulet)
HPRegen 0.08/turn               l - +4 ring of evasion
MPRegen 0.11/turn               (no ring)

@: glowing
A: beak, talons 3
a: no special abilities


You were on level 3 of the Dungeon.
You visited 1 branch of the dungeon, and saw 3 of its levels.

You collected 140 gold pieces.

Inventory:

Hand Weapons
 e - a +1 spear of venom (weapon)
Armour
 a - a +0 robe (worn)
 d - an orb of light (worn)
 h - a +0 pair of gloves (worn)
Jewellery
 l - a +4 ring of evasion (left hand)
Scrolls
 b - 2 scrolls of identify {unknown}
 c - 3 scrolls of teleportation {unknown}
 f - 2 scrolls of torment {unknown}
 g - a scroll of blinking {unknown}
 j - a scroll of enchant armour {unknown}
 k - 2 scrolls of acquirement {unknown}
 m - a scroll of noise {unknown}
Potions
 i - a potion of might {unknown}


   Skills:
 + Level 1.3 Fighting
 + Level 2.8 Dodging
 + Level 2.6 Stealth
 + Level 2.4 Spellcasting
 + Level 5.8 Conjurations


You had 4 spell levels left.
You knew the following spells:

 Your Spells              Type           Power      Damage    Failure   Level
a - Magic Dart            Conj           100%       1d8       1%          1
b - Searing Ray           Conj           54%        2d6       1%          2

Your spell library contained the following spells:

 Spells                   Type           Power      Damage    Failure   Level
 Dazzling Flash           Conj/Hex       28%        N/A       13%         3
 Fulminant Prism          Conj/Hex       7%         3d7       38%         4
 Iskenderun's Mystic Bla  Conj/Tloc      14%        2d5       38%         4


Dungeon Overview and Level Annotations

Branches:
Dungeon (3/15)

Altars:


Innate Abilities, Weirdness & Mutations

You have a beak for a mouth.
You have claws for feet.


Message History

The adder barely misses you.
A hobgoblin comes into view. It is wielding a +0 club.
The adder closely misses you.
The hobgoblin hits you but does no damage.
The adder bites you.
You are poisoned.
The adder poisons you!
You feel sick. The hobgoblin closely misses you.
You feel sick. The kobold barely misses you.
You feel sick. The adder closely misses you. The kobold misses you.
The adder closely misses you.
You feel sick. The kobold closely misses you.
The hobgoblin completely misses you.
A rat comes into view.
You feel sick.
The kobold hits you with a +0 short sword.
There is a stone staircase leading up here.
You feel sick.
You are no longer poisoned.
The adder bites you.
* * * LOW HITPOINT WARNING * * *
You are poisoned.
The adder poisons you!
The hobgoblin hits you but does no damage.
The adder closely misses you. The kobold barely misses you.
You climb upwards.
* * * LOW HITPOINT WARNING * * *
You feel sick.
There is a stone staircase leading down here.
You can't go up here!
You feel sick.
The hobgoblin hits you but does no damage.
The adder closely misses you. The kobold barely misses you.
You climb downwards.
You feel sick.
You are no longer poisoned.
The rat barely misses you.
There is a stone staircase leading up here.
Magic restored.
The hobgoblin barely misses you. The rat barely misses you.
The adder bites you.
You die...

......# #.##..#
...g..# #.##..#
......####### #.....#
...........# ###....
#.........# #..#.
#B........# #.)#.
#.........#######..#.
#.............(......
#...@K.........†...##
#..rSg.....#####...##
##'#.#####...# #...#
#.#.# ###.# #...#
#.#.# .# #...## #.#$.
# #..... #.### #..###
#.# #... #.# #


You could see an adder, a giant cockroach (wandering), 2 hobgoblins, a kobold
and a rat.

Vanquished Creatures
  An ufetubus (D:3)
  A worm (D:3)
  3 dart slugs
  An orc (D:3)
  A bat (D:1)
  5 endoplasms
  4 giant cockroaches
  3 goblins
  2 hobgoblins
  3 jackals (D:1)
  2 quokkas (D:2)
  8 ball pythons
  6 frilled lizards
  4 kobolds
  4 rats
48 creatures vanquished.

Notes
Turn   | Place    | Note
-------+----------+-------------------------------------------
     0 | D:1      | RascalDebosk the Tengu Conjurer began the quest for the
                  | Orb.
     0 | D:1      | Reached XP level 1. HP: 10/10 MP: 4/4
   213 | D:1      | Reached XP level 2. HP: 16/16 MP: 0/6
   216 | D:1      | Learned a level 2 spell: Searing Ray
   316 | D:1      | Found a faded altar of an unknown god.
   609 | D:1      | Reached XP level 3. HP: 11/20 MP: 1/7
   610 | D:1      | Reached skill level 1 in Fighting
  1666 | D:3      | Reached XP level 4. HP: 25/25 MP: 5/8
  1830 | D:3      | Slain by an adder

Illustrated notes

Levels and vault maps discovered:
D:1:      dpeg_arrival_windows_large_door, layout_rooms,
          nicolae_ecumenical_snake_handling
D:2:      layout_rooms, corexii_hall_statues_deadend
D:3:      layout_basic, minmay_fountain_box, uniq_robin, uniq_jessica

Skill      XL: |  1  2  3 |
---------------+----------+-----
Fighting       | 1 |  1.3
Dodging        | |  2.8
Stealth        | |  2.6
Spellcasting   | |  2.4
Conjurations   | |  5.8

Action                   |  1- 3 |  4- 6 || total
-------------------------+-------+-------++-------
Melee: Spear             |    21 |     4 ||    25
       Kick              |     6 |     1 ||     7
       Peck              |     4 |       ||     4
       Short sword       |     2 |       ||     2
 Cast: Magic Dart        |    56 |     6 ||    62
       Searing Ray       |     2 |       ||     2
Armor: Robe              |     5 |     3 ||     8
Dodge: Dodged            |    32 |    20 ||    52
